 Dungeon Crawl Stone Soup version 0.30-b1-2-g02819fbbbe (webtiles) character file.

Game seed: 15272418388038899410

1566180 LLlMATKO the Axe Maniac (level 27, 245/245 HPs)
             Began as a Minotaur Berserker on Aug 29, 2023.
             Was an Elder of Trog.
             Escaped with the Orb
             ... and 3 runes!
             The game lasted 02:14:30 (85450 turns).

LLlMATKO the Axe Maniac (Minotaur Berserker)       Turns: 85450, Time: 02:14:31

Health: 245/245    AC: 44    Str: 33    XL:     27
Magic:  19/19      EV: 25    Int:  4    God:    Trog [****..]
Gold:   5705       SH: 32    Dex: 22    Spells: 26/26 levels left

rFire   + + .        q - +6 broad axe "Horgh" {heavy, Will+ Dex+2}
rCold   + + +        a - +1 tower shield {AC+3}
rNeg    + . .        X - +7 gold dragon scales
rPois   +            (helmet unavailable)
rElec   +            f - scarf {rC+ rF+}
rCorr   +            M - +1 pair of gloves of the Maze {rN+ Str+2}
SInv    .            r - +2 pair of boots of Ixic {Dex+4}
Will    +++++        z - amulet of reflection Stlth
                     c - ring "Zovuet" {rPois Will+ rCorr Int-4 Dex+5}
HPRegen 0.60/turn    b - ring "Zielein" {Will+ rCorr Int+6 Dex-2}
MPRegen 0.16/turn

%: reflection
@: resistant, studying 2 skills
A: horns 3, retaliatory headbutt, dopey 2, frail 1, low MP 1, teleportitis 1,
heat vulnerability 1
0: Orb of Zot
}: 3/15 runes: serpentine, barnacled, silver
a: Renounce Religion, Berserk, Trog's Hand, Brothers in Arms


You escaped.
You worshipped Trog.
Trog was greatly pleased with you.
You visited 9 branches of the dungeon, and saw 47 of its levels.
You also visited: Trove, Gauntlet and Ice Cave.

You collected 7557 gold pieces.
You spent 1852 gold pieces at shops.

Inventory:

Hand Weapons
 q - the +6 broad axe "Horgh" (weapon) {heavy, Will+ Dex+2}
   (Trog gifted it to you on level 3 of the Vaults)

   Dex:       It affects your dexterity (+2).
   Will:      It increases your willpower.
Missiles
 x - 13 silver javelins (quivered)
 Q - 3 throwing nets
 V - 20 javelins
Armour
 a - a +1 tower shield of protection (worn)
 f - a scarf of resistance (worn)
 p - a +2 hat of willpower
 r - the +2 pair of boots of Ixic (worn) {Dex+4}
   (You found it in a treasure trove)

   Dex:       It affects your dexterity (+4).
 M - the +1 pair of gloves of the Maze (worn) {rN+ Str+2}
   (You found it on level 3 of the Vaults)

   Str:       It affects your strength (+2).
   rN:        It protects you from negative energy.
 U - the +4 dragonskin cloak
   (You took it off Tiamat on level 4 of the Realm of Zot)

   Avatar's Aegis: It grants the wearer a chance to resist fire, cold, poison,
   electricity, acid, and negative energy.
 X - +7 gold dragon scales (worn)
Jewellery
 b - the ring "Zielein" (right hand) {Will+ rCorr Int+6 Dex-2}
   (You found it on level 3 of the Lair of Beasts)

   [ring of willpower]

   Int:       It affects your intelligence (+6).
   Dex:       It affects your dexterity (-2).
   rCorr:     It protects you from acid and corrosion.
   Will:      It increases your willpower.
 c - the ring "Zovuet" (left hand) {rPois Will+ rCorr Int-4 Dex+5}
   (You found it on level 3 of the Lair of Beasts)

   [ring of willpower]

   Int:       It affects your intelligence (-4).
   Dex:       It affects your dexterity (+5).
   rPois:     It protects you from poison.
   rCorr:     It protects you from acid and corrosion.
   Will:      It increases your willpower.
 i - a +5 ring of evasion
 y - a ring of protection from fire
 z - an amulet of reflection (around neck)
 C - a ring of protection from cold
 D - the ring "Qirev" {rElec Int+6}
   (You took it off a deep elf annihilator on level 5 of the Vaults)

   [ring of intelligence]

   Int:       It affects your intelligence (+6).
   rElec:     It insulates you from electricity.
 H - a ring of see invisible
 N - a ring of flight
 P - a +4 ring of slaying
 T - a ring of ice
 W - the ring of Secrets {rF+ rCorr}
   (You found it on level 1 of the Realm of Zot)

   [ring of resist corrosion]

   rF:        It protects you from fire.
   rCorr:     It protects you from acid and corrosion.
 Y - a +6 ring of intelligence
Wands
 g - a wand of charming (59)
 j - a wand of quicksilver (29)
 s - a wand of mindburst (50)
 I - a wand of roots (40)
 K - a wand of polymorph (9)
 Z - a wand of flame (75)
Scrolls
 d - 5 scrolls of silence
 h - 4 scrolls of teleportation
 k - 5 scrolls of blinking
 t - 5 scrolls of enchant weapon
 u - 12 scrolls of fear
 v - 33 scrolls of identify
 A - 6 scrolls of poison
 O - 2 scrolls of brand weapon
Potions
 m - 23 potions of curing
 B - 7 potions of cancellation
 E - 3 potions of haste
 F - 3 potions of berserk rage
 G - 15 potions of heal wounds
 J - 6 potions of flight
 L - 9 potions of invisibility
 R - 2 potions of magic
 S - 6 potions of might


   Skills:
 O Level 27 Fighting
 O Level 27 Axes
 O Level 27 Armour
 O Level 27 Dodging
 - Level 25.0 Shields
 + Level 11.6 Evocations


You had 26 spell levels left.
You didn't know any spells.
Your spell library was empty.

Dungeon Overview and Level Annotations

Branches:
Dungeon (15/15)            Temple (0/1) D:4            Lair (5/5) D:9
 Shoals (4/4) Lair:2        Snake (4/4) Lair:3        Slime (0/5) Lair:5
    Orc (2/2) D:9             Elf (3/3) Orc:2        Vaults (5/5) D:14
  Crypt (0/3) Vaults:3     Depths (4/4) D:15            Zot (5/5) Depths:4
  IceCv (visited)         Gauntlet (visited)

Altars:
Ashenzari
Dithmenos
Hepliaklqana
Kikubaaqudgha
Nemelex Xobeh
Trog
Vehumet
Wu Jian
Xom
Zin
The Shining One

Shops:
D:3 :   D:5 *!   D:9 ([   Orc:2 [*(:   Elf:1 *   Snake:1 [!*   Snake:2 :=:
Vaults:2 !   Vaults:4 (   Vaults:5 (   Depths:3 ((([

Portals:
Hell: Depths:1 Depths:2 Depths:3 Depths:4
Abyss: Depths:2
Pandemonium: Depths:2 Depths:3
Ziggurat: Depths:1


Innate Abilities, Weirdness & Mutations

You have a pair of large horns on your head.
You reflexively headbutt those who attack you in melee.
You are very dopey. (Int -4)
You are frail. (-10% HP)
Your magical capacity is low. (-10% MP)
You are occasionally teleported next to monsters.
You are vulnerable to heat. (rF-)


Message History

Really attack your butterfly? [Y]es or [N]o only, please.
Really attack your butterfly? [Y]es or [N]o only, please.
Really attack your butterfly?
You catch your helpless butterfly completely off-guard!
You open your butterfly like a pillowcase!!!
You kill your butterfly!
Your butterfly disappears in a burst of colours!
Unknown command.
Really attack your butterfly?
You slice your butterfly like a ripe choko!!!
You kill your butterfly!
Your butterfly disappears in a burst of colours!
Unknown command.
Really attack your butterfly?
You catch your helpless butterfly completely off-guard!
You slice your butterfly!!
You kill your butterfly!
Your butterfly disappears in a burst of colours!
Unknown command.
Okay, then.
You feel protected.
Your butterfly is engulfed in poison gas.
Your butterfly is poisoned.
You kill your butterfly!
Your butterfly disappears in a burst of colours!
You feel protected.
You feel protected.
Your butterfly is engulfed in poison gas.
Your butterfly is poisoned.
You kill your butterfly!
Your butterfly disappears in a burst of colours!
You feel protected.
You feel protected.
You feel protected.
You feel protected.
You feel protected.
Okay, then.
You have escaped!

#.......# # #.#####.# #
########.#####.#
#.).........##.#####
#.######.##........#
####.###################
#.....#..##...##.###....
#.##.##.b..###.##.#.####
#.##.##@.#####..#.#....#
#.##..#....##.#..##.##..
#.###.#..##.#.#.###.####
#.....######..##.###.##.
#.....# #..######..(####
#.##### #.......########
#.# #.....#..# #.... #.#
#.....#..###.... #.#
###...##..†...#.


There were no monsters in sight!

Vanquished Creatures
  Tiamat (Zot:4)
  7 dread liches
  5 ancient liches
  Mennas (Vaults:4)
  3 orbs of fire
  2 juggernauts
  The ghost of Switch the Slayer, a veteran DDFi of Makhleb (Vaults:3)
  The ghost of Muataran the Slayer, a veteran MiMo of Yredelemnul (Zot:1)
  5 Killer Klowns
  Vashnia (Snake:2)
  A curse toe (Zot:3)
  Xtahua (Vaults:3)
  3 caustic shrikes (Depths:2)
  Jory (Vaults:2)
  2 pandemonium lords
  10 golden dragons
  4 electric golems
  A bone dragon (Depths:1)
  22 tentacled monstrosities
  27 Orb Guardians
  Mlioglotl (Shoals:3)
  2 deep elf master archers (Elf:3)
  A walking crystal tome (Zot:1)
  2 walking earthen tomes
  2 walking divine tomes
  2 deep elf blademasters (Elf:3)
  2 walking frostbound tomes (Zot:1)
  A lich (Depths:2)
  An acid blob (Zot:5)
  A kraken (Shoals:4)
  2 titans (Vaults:5)
  9 sphinxes
  11 quicksilver dragons
  8 death cobs
  Polyphemus (Shoals:3)
  Kirke (Elf:1)
  7 tengu reavers
  13 draconian monks
  13 storm dragons
  6 shadow dragons
  12 fire giants
  4 nagarajas
  Roxanne (D:14)
  9 draconian knights
  4 narguns (Zot:1)
  3 deep elf sorcerers (Elf:3)
  13 frost giants
  2 ghost moths
  23 vault wardens
  Louise (Snake:1)
  3 deep elf elementalists
  A broodmother (shapeshifter) (Vaults:3)
  4 draconian scorchers
  9 draconian shifters
  9 draconian stormcallers
  2 cacodemons
  4 orc warlords
  A quicksilver ooze (Gauntlet)
  12 draconian annihilators
  A caustic shrike skeleton (Depths:3)
  37 very ugly things
  25 ironbound preservers
  2 vampire knights
  3 war gargoyles (Vaults:5)
  9 stone giants
  15 green draconians
  3 deep elf annihilators
  4 dire elephants (Vaults:3)
  21 black draconians
  17 white draconians
  6 ironbound thunderhulks
  7 deep elf demonologists
  21 purple draconians
  A bunyip (shapeshifter) (Depths:2)
  19 yellow draconians
  4 minotaurs
  An ettin (shapeshifter) (Vaults:3)
  8 spark wasps
  A blizzard demon (Zot:5)
  16 red draconians
  19 ettins
  3 merfolk impalers
  2 merfolk javelineers
  A quicksilver dragon zombie (Depths:3)
  2 crystal guardians (Vaults:1)
  2 jiangshi (Depths:3)
  3 entropy weavers
  6 deep elf death magi
  6 deep elf high priests
  18 yaktaur captains
  11 fire dragons
  8 great orbs of eyes
  11 ice dragons
  6 hydras
  6 spriggan air magi
  5 salamander tyrants
  42 vault guards
  2 hell beasts (Depths:1)
  A peacekeeper (Vaults:1)
  2 rakshasas (Depths:2)
  2 ogre magi
  6 merfolk avatars
  An alligator snapping turtle (Shoals:3)
  15 centaur warriors
  17 anacondas
  9 two-headed ogres
  A jorogumo (shapeshifter) (Depths:2)
  2 catoblepae
  13 satyrs (Shoals:4)
  2 two-headed ogres (shapeshifter)
  10 ironbound frosthearts
  8 deep troll shamans
  3 boulder beetles
  32 dancing weapons
  4 merfolk aquamancers
  25 naga warriors
  6 spriggan berserkers
  8 deep troll earth magi
  A vampire mage (Depths:3)
  4 orc high priests
  3 tengu warriors
  11 death yaks
  A sun demon (Depths:2)
  12 deep elf knights
  13 shock serpents
  14 naga sharpshooters
  7 spriggans
  A sixfirhy (D:6)
  A titan skeleton (Depths:3)
  8 hell knights
  14 iron trolls
  14 salamander mystics
  3 skeletal warriors (D:15)
  A shadow wraith (Vaults:5)
  5 skysharks
  11 sea snakes
  A golden dragon zombie (Depths:3)
  A quicksilver dragon simulacrum (Depths:1)
  A death drake (Gauntlet)
  2 flayed ghosts
  11 naga ritualists
  96 deep trolls
  An obsidian statue (Zot:5)
  7 glowing orange brains
  11 wizards
  5 phantasmal warriors
  14 deep elf archers
  Pikel (D:5)
  13 orc knights
  12 lindwurms
  30 deep elf pyromancers
  17 deep elf zephyrmancers
  2 wolf spider zombies (Gauntlet)
  27 harpies
  The ghost of redmage the Skirmisher, a novice MeHu of Jiyva (D:7)
  6 necromancers
  4 orc sorcerers (Orc:2)
  An oklob plant (Lair:2)
  2 wolf spiders (Lair:5)
  23 ironbound convokers
  17 mana vipers
  32 ugly things
  A shining eye (Depths:1)
  A shining eye (shapeshifter) (Vaults:5)
  18 fauns
  An iron dragon zombie (Vaults:3)
  11 cyclopes
  A manticore (shapeshifter) (Elf:2)
  32 salamanders
  14 manticores
  A fire giant skeleton (Vaults:3)
  7 elephants (Lair:5)
  14 merfolk sirens
  30 moths of wrath
  Joseph (D:9)
  4 water nymphs
  12 guardian serpents
  An iron dragon skeleton (Depths:3)
  43 black mambas
  19 naga magi
  19 vault sentinels
  A torpor snail (Lair:1)
  2 ice statues (IceCv)
  An eye of devastation (Depths:1)
  A smoke demon (Zot:2)
  A gargoyle (D:10)
  2 rime drakes
  2 unseen horrors
  2 hellions
  7 cane toads
  2 efreet (D:13)
  43 yaktaurs
  3 freezing wraiths
  Psyche (D:8)
  2 tengu conjurers
  9 komodo dragons
  5 trolls
  A troll (shapeshifter) (Vaults:3)
  6 meliai (D:13)
  A polar bear (Lair:5)
  7 wind drakes
  31 merfolk
  8 hornets
  A sphinx simulacrum (Depths:3)
  A tengu simulacrum (Depths:3)
  24 blink frogs
  13 dream sheep
  5 air elementals
  38 slime creatures
  Sigmund (D:2)
  8 snapping turtles
  21 water elementals
  5 wraiths
  2 vampires
  8 basilisks
  7 wyverns
  A large abomination (D:6)
  4 hogs (Elf:1)
  2 shadows
  2 fire elementals
  60 yaks
  2 steam dragons
  A redback (Vaults:4)
  18 vampire mosquitoes
  An acid dragon (shapeshifter) (Vaults:3)
  65 nagas
  5 wargs
  4 acid dragons
  19 water moccasins
  A floating eye (shapeshifter) (Depths:1)
  2 floating eyes
  An ogre skeleton (Vaults:3)
  A hell hound (Gauntlet)
  A meliai simulacrum (D:15)
  3 black bears
  2 sky beasts (D:7)
  2 glowing shapeshifter skeletons
  An ice beast (D:7)
  44 orc warriors
  A human zombie (Vaults:3)
  16 ogres
  A tengu (shapeshifter) (Vaults:3)
  6 boggarts
  9 centaurs
  23 wolves
  A phantom (D:3)
  3 kobold brigands
  8 bullfrogs
  3 gnoll sergeants
  2 earth elementals
  4 scorpions
  2 cane toad simulacra (IceCv)
  7 wights
  15 killer bees
  An electric eel (Lair:2)
  9 howler monkeys
  28 orc priests
  2 gnoll boudas
  7 hounds
  Crazy Yiuf (D:7)
  3 jellies
  Natasha (thrice) (D:2)
  5 iguanas
  29 orc wizards
  2 polar bear simulacra (IceCv)
  15 gnolls
  8 adders
  2 shadow imps
  4 white imps
  2 ufetubi
  3 worms
  2 dart slugs
  80 orcs
  5 ball pythons
  4 endoplasms
  6 giant cockroaches
  5 goblins
  5 hobgoblins
  2 jackals (D:5)
  2 quokkas
  3 bats (D:1)
  2 frilled lizards (D:3)
  11 kobolds
  8 rats
  A spectral weapon (D:9)
2410 creatures vanquished.

Vanquished Creatures (collateral kills)
  A dread lich (Zot:1)
  2 Killer Klowns (Zot:5)
  A cacodemon (Vaults:3)
  2 very ugly things (Vaults:3)
  A purple draconian (Zot:4)
  A deep elf knight (Elf:1)
  A fire crab (shapeshifter) (Vaults:3)
  2 deep elf archers (Elf:1)
  A deep elf pyromancer (Elf:1)
  2 deep elf zephyrmancers (Elf:1)
  A naga mage (Snake:2)
  A rime drake (shapeshifter) (Vaults:3)
  A wyvern (D:9)
  A steam dragon (shapeshifter) (Vaults:3)
  A steam dragon (D:9)
  An acid dragon (shapeshifter) (Vaults:3)
  An iguana (shapeshifter) (Vaults:3)
  A kobold (D:9)
22 creatures vanquished.

Vanquished Creatures (others)
  A draconian annihilator (Zot:1)
  A draconian stormcaller (Zot:4)
  A yaktaur captain (Vaults:1)
  A wizard (Depths:1)
  A harpy (Shoals:4)
  3 deep elf zephyrmancers (Elf:2)
  A deep elf pyromancer (Elf:3)
  A water elemental (Shoals:3)
  A human (Elf:1)
  A naga (Snake:4)
  A bush (D:9)
  24 fungi
  77 plants
  4 tentacles (Shoals:4)
118 creatures vanquished.

Grand Total: 2550 creatures vanquished

Notes
Turn   | Place    | Note
-------+----------+-------------------------------------------
     0 | D:1      | LLlMATKO the Minotaur Berserker began the quest for the
                  | Orb.
     0 | D:1      | Reached XP level 1. HP: 19/19 MP: 0/0
   533 | D:1      | Reached XP level 2. HP: 27/27 MP: 1/1
   905 | D:1      | Reached XP level 3. HP: 33/33 MP: 2/2
  1156 | D:2      | Noticed Natasha
  1167 | D:2      | Killed Natasha
  1167 | D:2      | Reached ** piety under Trog
  1265 | D:2      | Noticed Sigmund
  1273 | D:2      | Reached XP level 4. HP: 41/41 MP: 3/3
  1274 | D:2      | Killed Sigmund
  1275 | D:2      | Reached skill level 5 in Fighting
  1275 | D:2      | Reached skill level 5 in Axes
  1275 | D:2      | Reached XP level 5. HP: 48/48 MP: 4/4
  1365 | D:2      | Noticed Natasha
  1369 | D:2      | Killed Natasha
  1394 | D:2      | Noticed Natasha
  1402 | D:2      | Killed Natasha
  1403 | D:2      | Reached XP level 6. HP: 41/56 MP: 5/5
  1552 | D:2      | Found a faded altar of an unknown god.
  1609 | D:2      | Found an ornate altar of the Wu Jian Council.
  2493 | D:3      | Found Esine's Book Boutique.
  3084 | D:4      | Reached XP level 7. HP: 58/62 MP: 6/6
  3127 | D:4      | Found a staircase to the Ecumenical Temple.
  3133 | D:4      | Reached skill level 5 in Armour
  3134 | D:4      | Reached *** piety under Trog
  3190 | D:4      | Reached skill level 1 in Shields
  3406 | D:4      | Reached skill level 5 in Dodging
  4134 | D:4      | Found a shimmering altar of Xom.
  4329 | D:5      | Entered Level 5 of the Dungeon
  4365 | D:5      | Reached XP level 8. HP: 71/71 MP: 7/7
  4478 | D:5      | Noticed Pikel
  4485 | D:5      | Killed Pikel
  4543 | D:5      | Found Zin's Purification Station.
  4553 | D:5      | Found a glowing silver altar of Zin.
  4719 | D:5      | Reached **** piety under Trog
  4732 | D:5      | Reached XP level 9. HP: 53/79 MP: 8/8
  4895 | D:5      | Found Xufofet's Distillery.
  5429 | D:6      | Reached skill level 5 in Shields
  5618 | D:6      | Found a shadowy altar of Dithmenos.
  6273 | D:6      | Found a glowing golden altar of the Shining One.
  7163 | D:7      | Found a bloodstained altar of Trog.
  7164 | D:7      | Noticed redmage's ghost (novice MeHu)
  7164 | D:7      | Noticed a moth of wrath
  7169 | D:7      | Found a transporter.
  7173 | D:7      | Found a transporter.
  7482 | D:7      | Found a runed translucent door.
  7483 | D:7      | Noticed Crazy Yiuf
  7525 | D:7      | Reached XP level 10. HP: 90/90 MP: 9/9
  7925 | D:7      | Killed Crazy Yiuf
  8086 | D:8      | Found a broken altar of Ashenzari.
  8090 | D:8      | Paralysed by a hornet for 3 turns
  8417 | D:8      | Noticed Psyche
  8432 | D:8      | Killed Psyche
  9154 | D:9      | Noticed a two-headed ogre
  9164 | D:9      | Killed a two-headed ogre
  9211 | D:9      | Noticed a two-headed ogre
  9219 | D:9      | Killed a two-headed ogre
  9228 | D:9      | Reached skill level 10 in Fighting
  9399 | D:9      | Reached skill level 10 in Axes
  9401 | D:9      | Reached XP level 11. HP: 93/99 MP: 10/10
  9514 | D:9      | Found a staircase to the Lair.
  9658 | D:9      | Reached ***** piety under Trog
  9704 | D:9      | Found Ebac's Antique Armour Shop.
  9847 | D:9      | Noticed Joseph
  9856 | D:9      | Killed Joseph
  9857 | D:9      | Reached skill level 10 in Armour
 10014 | D:9      | Found a staircase to the Orcish Mines.
 10169 | D:9      | Found Ubrably's Antique Weapon Boutique.
 10380 | D:9      | Found a sparkling altar of Nemelex Xobeh.
 10380 | D:9      | Found a transporter.
 10479 | D:10     | Entered Level 10 of the Dungeon
 10943 | D:10     | Reached skill level 10 in Dodging
 11155 | D:10     | Noticed an ice dragon
 11170 | D:10     | Killed an ice dragon
 11351 | D:10     | Reached XP level 12. HP: 98/110 MP: 11/11
 11700 | D:10     | Noticed a two-headed ogre
 11712 | D:10     | Killed a two-headed ogre
 11713 | D:10     | Reached skill level 10 in Shields
 11800 | D:10     | Noticed a boulder beetle
 11817 | D:10     | Killed a boulder beetle
 11897 | D:10     | Identified the staff of cold "Yggeipso" {rC+ rCorr Str-3
                  | SInv Stlth-}
 13178 | D:12     | Received a gift from Trog
 13625 | D:12     | Noticed a two-headed ogre
 13631 | D:12     | Killed a two-headed ogre
 13898 | D:12     | Noticed a two-headed ogre
 13914 | D:12     | Killed a two-headed ogre
 14572 | Lair:1   | Entered Level 1 of the Lair of Beasts
 14851 | Lair:1   | Noticed a death yak
 14851 | Lair:1   | Noticed a death yak
 14852 | Lair:1   | Noticed a death yak
 14852 | Lair:1   | Noticed a death yak
 14853 | Lair:1   | Noticed a death yak
 14859 | Lair:1   | Killed a death yak
 14860 | Lair:1   | Killed a death yak
 14861 | Lair:1   | Killed a death yak
 14864 | Lair:1   | Killed a death yak
 14865 | Lair:1   | Reached XP level 13. HP: 102/119 MP: 12/12
 15007 | Lair:1   | Identified the +0 chain mail of the Ward {rElec}
 15306 | Lair:1   | Identified a scroll of acquirement
 15306 | Lair:1   | Acquired a manual of Axes
 16650 | Lair:2   | Found a staircase to the Shoals.
 16994 | Lair:3   | Noticed a fire dragon
 17006 | Lair:3   | Killed a fire dragon
 17023 | Lair:3   | Identified the ring "Zielein" {Will+ rCorr Int+6 Dex-2}
 17302 | Lair:2   | Reached XP level 14. HP: 129/129 MP: 13/13
 17388 | Lair:3   | Identified the ring "Zovuet" {rPois Will+ rCorr Int-4
                  | Dex+5}
 17761 | Lair:3   | Found a staircase to the Snake Pit.
 18582 | Lair:4   | Received a gift from Trog
 18792 | Lair:4   | Reached skill level 15 in Axes
 19502 | Lair:5   | Entered Level 5 of the Lair of Beasts
 19637 | Lair:5   | Found a staircase to the Slime Pits.
 20001 | Lair:5   | Found a radiant altar of Vehumet.
 20413 | Lair:5   | Reached XP level 15. HP: 127/139 MP: 14/14
 22112 | Orc:1    | Entered Level 1 of the Orcish Mines
 22129 | Orc:1    | Reached skill level 15 in Fighting
 22152 | Orc:1    | Found a frozen archway.
 22184 | IceCv    | Entered an ice cave
 22200 | IceCv    | Found a transporter.
 22211 | IceCv    | Found a transporter.
 22590 | Orc:2    | Entered Level 2 of the Orcish Mines
 22809 | Orc:2    | Found a staircase to the Elven Halls.
 23150 | Orc:2    | Reached ****** piety under Trog
 23226 | Orc:2    | Reached skill level 15 in Armour
 23695 | Orc:2    | Identified the +9 executioner's axe of Ytud {antimagic, rF+
                  | rC+ Str+6 Stlth-} (Trog gifted it to you on level 2 of the
                  | Orcish Mines)
 23695 | Orc:2    | Received a gift from Trog
 24307 | Orc:2    | Found Gionkeex's Antique Armour Boutique.
 24308 | Orc:2    | Found Kohirab's Antique Weapon Boutique.
 24310 | Orc:2    | Found Heoqit's General Store.
 24310 | Orc:2    | Found Lashrurhel's Book Shop.
 24544 | Orc:2    | Bought a fine plate armour for 840 gold pieces
 24544 | Orc:2    | Identified the +3 plate armour of Trial and Error {Int-5
                  | Dex+4 Slay+4} (You bought it in a shop on level 2 of the
                  | Orcish Mines)
 24795 | D:14     | Noticed Roxanne
 24853 | D:14     | Found a gate leading to a gauntlet.
 24861 | Gauntlet | Entered a Gauntlet
 24861 | Gauntlet | Found a transporter.
 24871 | Gauntlet | Found a transporter.
 24874 | Gauntlet | Found a transporter.
 24875 | Gauntlet | Found a transporter.
 24883 | Gauntlet | Found a transporter.
 24886 | Gauntlet | Found a transporter.
 24887 | Gauntlet | Found a transporter.
 24896 | Gauntlet | Found a transporter.
 24899 | Gauntlet | Found a transporter.
 24900 | Gauntlet | Found a transporter.
 24908 | Gauntlet | Found a transporter.
 24911 | Gauntlet | Found a transporter.
 24912 | Gauntlet | Found a transporter.
 24923 | Gauntlet | Found a transporter.
 25523 | D:14     | Found a gate to the Vaults.
 25539 | D:14     | Reached XP level 16. HP: 150/150 MP: 15/15
 26013 | D:14     | Killed Roxanne
 26061 | D:15     | Entered Level 15 of the Dungeon
 26333 | D:15     | Reached skill level 15 in Shields
 26483 | D:15     | Found a staircase to the Depths.
 27005 | Snake:1  | Entered Level 1 of the Snake Pit
 27278 | Snake:1  | Received a gift from Trog
 27510 | Snake:1  | Reached skill level 15 in Dodging
 27536 | Snake:1  | Identified the +5 leather armour "Elukam" {rF+ Str+3 Int+2
                  | Dex+2}
 27921 | Snake:1  | Found Esirchomp's Distillery.
 27921 | Snake:1  | Found Befax's Armour Shoppe.
 27940 | Snake:1  | Found Muket's Assorted Antiques.
 28135 | Snake:2  | Noticed Louise
 28150 | Snake:1  | Killed Louise
 28234 | Snake:2  | Noticed Vashnia
 28249 | Snake:2  | Found Deenuu's Book Boutique.
 28250 | Snake:2  | Found Jiegrup's Jewellery Shoppe.
 28251 | Snake:2  | Found Ecituil's Book Boutique.
 28396 | Snake:2  | Bought an amulet of reflection for 330 gold pieces
 28428 | Snake:2  | Received a gift from Trog
 28429 | Snake:2  | Reached XP level 17. HP: 160/160 MP: 16/16
 28702 | Snake:2  | Killed Vashnia
 29503 | Snake:3  | Received a gift from Trog
 30018 | Snake:3  | Found a hazy altar of Hepliaklqana.
 30633 | Snake:4  | Entered Level 4 of the Snake Pit
 31148 | Snake:4  | Received a gift from Trog
 31388 | Snake:4  | HP: 7/163 [poisoned by black mamba (concentrated venom)]
 32123 | Snake:4  | Reached XP level 18. HP: 171/171 MP: 17/17
 32545 | Snake:4  | Identified the +1 chain mail of Kofeih {Dex+3}
 34104 | Snake:4  | Received a gift from Trog
 34480 | Snake:4  | Got a serpentine rune of Zot
 34838 | Shoals:1 | Entered Level 1 of the Shoals
 36445 | Shoals:2 | Received a gift from Trog
 37727 | Shoals:3 | Noticed Polyphemus
 37744 | Shoals:3 | Killed Polyphemus
 37903 | Shoals:3 | Noticed Mlioglotl
 37917 | Shoals:3 | Killed Mlioglotl
 38253 | Shoals:3 | Reached XP level 19. HP: 182/182 MP: 18/18
 38500 | Shoals:4 | Entered Level 4 of the Shoals
 38507 | Shoals:4 | Identified the +4 war axe "Nihoeram" {heavy, Dex+6} (Trog
                  | gifted it to you on level 4 of the Shoals)
 38507 | Shoals:4 | Received a gift from Trog
 39547 | Shoals:4 | Received a gift from Trog
 39890 | Shoals:4 | Got a barnacled rune of Zot
 40218 | Shoals:4 | Identified the +6 short sword "Nyjeuzyd" {pain, rF+ Str+6}
 40722 | Elf:1    | Entered Level 1 of the Elven Halls
 40983 | Elf:1    | Received a gift from Trog
 41003 | Elf:1    | Paralysed by an air elemental for 1 turns
 41141 | Elf:1    | Paralysed by an air elemental for 1 turns
 41143 | Elf:1    | Paralysed by an air elemental for 1 turns
 41302 | Elf:1    | Noticed Kirke
 41314 | Elf:1    | Killed Kirke
 41385 | Elf:1    | Paralysed by an air elemental for 1 turns
 41685 | Elf:1    | Found Jownij's Assorted Antiques.
 42002 | Elf:1    | Found a radiant altar of Vehumet.
 42266 | Elf:2    | Paralysed by an air elemental for 1 turns
 42377 | Elf:2    | Received a gift from Trog
 42378 | Elf:2    | Reached XP level 20. HP: 163/187 MP: 19/19
 42726 | Elf:2    | Paralysed by an air elemental for 1 turns
 42729 | Elf:2    | Paralysed by an air elemental for 1 turns
 43013 | Elf:2    | Found a huge runed translucent gate.
 43013 | Elf:2    | Found a huge runed translucent gate.
 43013 | Elf:2    | Found a huge runed translucent gate.
 43013 | Elf:2    | Found a huge runed translucent gate.
 43015 | Elf:2    | Found a huge runed translucent gate.
 44581 | Elf:3    | Entered Level 3 of the Elven Halls
 45642 | Elf:3    | Identified the +9 lajatang "Juink" {freeze, rC++ Will-
                  | Dex+6}
 45789 | Elf:3    | Received a gift from Trog
 45839 | Elf:3    | Identified the +6 mace "Vogar" {freeze, rC+ rN+ MP-9
                  | Stlth+}
 46459 | Elf:3    | Identified the +0 robe "Xesukh" {Int+3}
 46464 | Elf:3    | Identified the ring of Activism {rN+ SInv Stlth+}
 46597 | Elf:3    | Identified the amulet "Piulon" {Faith rElec Stlth+}
 47084 | Elf:3    | Identified the +9 short sword of Burnt Indomitability
                  | {venom, rC+}
 47093 | Elf:3    | Identified the +0 plate armour of Hek Jud {-Tele rC+ Int+4
                  | SInv}
 47522 | Vaults:1 | Entered Level 1 of the Vaults
 48097 | Vaults:1 | Identified the amulet of Ossox {*Slow rPois Regen+ MP+9
                  | Stlth+}
 48363 | Vaults:1 | Identified the staff of air "Pijiub" {rElec rPois Will+
                  | Int-4}
 48379 | Vaults:1 | Received a gift from Trog
 48433 | Vaults:1 | Reached XP level 21. HP: 203/203 MP: 20/20
 49214 | Vaults:1 | Identified the +8 broad axe of Vullilodgh {venom, rPois}
 49410 | Vaults:2 | Received a gift from Trog
 49601 | Vaults:2 | Found Koesanysast's Distillery.
 50267 | Vaults:2 | Noticed Jory
 50308 | Vaults:2 | Killed Jory
 50784 | Vaults:2 | Received a gift from Trog
 51495 | Vaults:3 | Identified the +3 arbalest of the Brain {flame, rF+ rC+
                  | Stlth+}
 52416 | Vaults:3 | Identified the +6 broad axe "Horgh" {heavy, Will+ Dex+2}
                  | (Trog gifted it to you on level 3 of the Vaults)
 52416 | Vaults:3 | Received a gift from Trog
 52695 | Vaults:3 | Noticed Xtahua
 52698 | Vaults:3 | Found a staircase to the Crypt.
 52700 | Vaults:3 | Gained mutation: You are occasionally teleported next to
                  | monsters. [a cacodemon]
 52703 | Vaults:3 | Killed Xtahua
 53172 | Vaults:3 | Identified the +0 robe of the Fiddle {Dex+2}
 53267 | Vaults:3 | Reached XP level 22. HP: 173/215 MP: 21/21
 53553 | Vaults:3 | Found a runed translucent gate.
 53553 | Vaults:3 | Found a runed translucent gate.
 53554 | Vaults:3 | Found a runed translucent gate.
 53957 | Vaults:3 | Identified the +6 quick blade of Instant Death {heavy,
                  | Str+3 SInv} (Trog gifted it to you on level 3 of the
                  | Vaults)
 53957 | Vaults:3 | Received a gift from Trog
 54013 | Vaults:3 | Found a runed translucent gate.
 54013 | Vaults:3 | Found a runed translucent gate.
 54016 | Vaults:3 | Found a runed translucent gate.
 54016 | Vaults:3 | Noticed Switch's ghost (veteran DDFi)
 54355 | D:7      | Killed redmage's ghost
 54864 | Vaults:4 | Found Jielonud's Weapon Shoppe.
 55243 | Vaults:4 | Identified the +9 great mace "Gad Xei" {speed, rC+}
 56127 | Vaults:5 | Entered Level 5 of the Vaults
 56128 | Vaults:5 | Identified the +9 broad axe "Ikuchot" {flame, rElec rPois
                  | Str-5 Dex+2} (Trog gifted it to you on level 5 of the
                  | Vaults)
 56128 | Vaults:5 | Received a gift from Trog
 56128 | Vaults:5 | Noticed an ancient lich
 56279 | Vaults:5 | Gained mutation: You are dopey. (Int -2) [a cacodemon]
 56282 | Vaults:5 | Noticed Mennas
 56284 | Vaults:4 | Killed an ancient lich
 56803 | Vaults:4 | Identified the +8 hand axe "Ogreslayer" {heavy, rF+ Dex-4
                  | Stlth+} (Trog gifted it to you on level 4 of the Vaults)
 56803 | Vaults:4 | Received a gift from Trog
 57092 | Vaults:4 | Killed Mennas
 57093 | Vaults:4 | Reached XP level 23. HP: 132/225 MP: 22/22
 57880 | Vaults:5 | Paralysed by a floating eye for 4 turns
 57881 | Vaults:5 | Noticed an ancient lich
 57969 | Vaults:4 | Killed an ancient lich
 58205 | Vaults:5 | Identified the ring "Qirev" {rElec Int+6}
 58209 | Vaults:5 | Identified the +4 scimitar "Mecvisow" {freeze, rN+}
 58273 | Vaults:5 | Received a gift from Trog
 58585 | Vaults:5 | Found Qeempes's Weapon Boutique.
 58597 | Vaults:5 | Identified the +4 plate armour "Zykhilal" {Drain SInv
                  | Stlth+}
 58916 | Vaults:5 | Got a silver rune of Zot
 59941 | Vaults:5 | Found Qeempes's Weapon Boutique.
 60696 | Vaults:3 | Killed Switch's ghost
 60707 | Vaults:3 | Identified the +1 pair of gloves of the Maze {rN+ Str+2}
 60923 | Depths:1 | Entered Level 1 of the Depths
 61069 | Depths:1 | Received a gift from Trog
 61093 | Depths:1 | Found a portal to a secret trove of treasure.
 61427 | Depths:1 | Found a gateway to Hell.
 61583 | Depths:1 | Lost intelligence.
 61771 | Depths:1 | Found a one-way gateway to a ziggurat.
 61776 | Depths:1 | Paralysed by a floating eye for 2 turns
 61781 | Depths:1 | Paralysed by a floating eye for 4 turns
 62189 | Orc:2    | Bought a runed demon trident for 540 gold pieces
 62712 | Depths:2 | Identified the ring "Vaitaige" {rElec rC+ rCorr Int-2 SInv}
 62751 | Depths:2 | Acquired 737 gold pieces
 62993 | Depths:2 | Found a one-way gate to the infinite horrors of the Abyss.
 63144 | Depths:2 | Reached XP level 24. HP: 237/237 MP: 22/22
 63268 | Depths:2 | Found a one-way gate leading to the halls of Pandemonium.
 63382 | Depths:2 | Received a gift from Trog
 63937 | Depths:2 | Found a one-way gate to the infinite horrors of the Abyss.
 64018 | Depths:2 | Received a gift from Trog
 64309 | Depths:2 | Found the ring of the Mage {Wiz Archmagi}
 64500 | Depths:2 | Found a one-way gate leading to the halls of Pandemonium.
 64724 | Depths:1 | You paid a toll of a +5 demon trident to enter a treasure
                  | trove
 64725 | Trove    | Entered a treasure trove
 64743 | Trove    | Identified the +3 robe of Usealao {rPois rF+ rN++ Str-3}
 64744 | Trove    | Identified the +2 pair of boots of Ixic {Dex+4}
 64746 | Trove    | Identified the +1 robe "Estunipt" {+Blink Int+4 Dex-4
                  | Stlth+}
 64767 | Trove    | Identified the ring of Greed {Fire Str+4 Int-4 Stlth+}
 64769 | Trove    | Identified the ring of Piewu Rek {rElec rPois rF+ Int-4
                  | Stlth+}
 65030 | Depths:3 | Found Mebone's Weapon Emporium.
 65031 | Depths:3 | Lost intelligence.
 65166 | Depths:3 | Found Buomoal's Weapon Emporium.
 65299 | Depths:3 | Found Ruoffoy's Antique Armour Shop.
 65455 | Depths:3 | Received a gift from Trog
 65932 | Depths:3 | Found Loul's Weapon Emporium.
 66034 | Depths:3 | Lost intelligence.
 66397 | Depths:4 | Entered Level 4 of the Depths
 66401 | Depths:4 | Noticed a juggernaut
 66407 | Depths:4 | Killed a juggernaut
 66413 | Depths:4 | Received a gift from Trog
 66657 | Depths:4 | Reached XP level 25. HP: 247/247 MP: 22/22
 67622 | Depths:4 | Found a gate to the Realm of Zot.
 67767 | Depths:4 | Found the +3 salamander hide armour {Flames, rFlCloud rF++
                  | rC--}
 67865 | Zot:1    | Entered Level 1 of the Realm of Zot
 68363 | Zot:1    | Found a runed translucent gate.
 68363 | Zot:1    | Found a runed translucent gate.
 68365 | Zot:1    | Found an ancient bone altar of Kikubaaqudgha.
 68365 | Zot:1    | Noticed an ancient lich
 68365 | Zot:1    | Noticed a dread lich
 68366 | Zot:1    | Found a runed translucent gate.
 68366 | Zot:1    | Noticed Muataran's ghost (veteran MiMo)
 68366 | Zot:1    | Noticed a dread lich
 68366 | Zot:1    | Noticed a dread lich
 68619 | Zot:1    | Identified the +11 double sword of Defence {drain, rPois
                  | Dex+4}
 68619 | Zot:1    | Identified the +0 double sword of Radicalism {distort,
                  | rPois rF- rCorr Str+5}
 68619 | Zot:1    | Identified the +12 double sword "Demonslayer" {freeze,
                  | Int+3}
 68867 | Zot:1    | Reached skill level 27 in Axes
 69083 | Zot:1    | Received a gift from Trog
 69458 | Zot:1    | Killed a dread lich
 69459 | Zot:1    | Killed an ancient lich
 69461 | Zot:1    | Killed a dread lich
 69463 | Zot:1    | Killed Muataran's ghost
 69463 | Zot:1    | Killed a dread lich
 69469 | Zot:1    | Identified the ring of Secrets {rF+ rCorr}
 69476 | Zot:1    | Identified the +2 helmet of the Distant Future {rC+ SInv}
 69844 | Zot:2    | Noticed an orb of fire
 69853 | Zot:2    | Gained mutation: You are clumsy. (Dex -2) [an orb of fire]
 69856 | Zot:2    | Gained mutation: You are vulnerable to cold. (rC-) [an orb
                  | of fire]
 69858 | Zot:2    | Killed an orb of fire
 71108 | Zot:3    | Reached XP level 26. HP: 253/260 MP: 22/22
 71656 | Zot:3    | Received a gift from Trog
 74943 | Zot:1    | Found an ancient bone altar of Kikubaaqudgha.
 76423 | Zot:4    | Found the +4 dragonskin cloak
 76423 | Zot:4    | Noticed Tiamat
 76436 | Zot:4    | Killed Tiamat
 76964 | Elf:1    | Bought a scroll of enchant armour for 142 gold pieces
 78685 | Zot:4    | Received a gift from Trog
 78878 | Zot:4    | Reached skill level 27 in Fighting
 78891 | Zot:4    | Reached skill level 27 in Armour
 80678 | Zot:5    | Entered Level 5 of the Realm of Zot
 80712 | Zot:5    | Found a transporter.
 80721 | Zot:5    | Found a transporter.
 80776 | Zot:5    | Found a transporter.
 80786 | Zot:5    | Found a transporter.
 80798 | Zot:5    | Found a transporter.
 80798 | Zot:5    | Found a transporter.
 80868 | Zot:5    | Noticed a dread lich
 80868 | Zot:5    | Noticed an orb of fire
 80880 | Zot:5    | Noticed a dread lich
 80880 | Zot:5    | Noticed a dread lich
 80890 | Zot:5    | Killed a dread lich
 80901 | Zot:5    | Killed a dread lich
 80901 | Zot:5    | Gained mutation: You have hidden genetic defects. [an orb
                  | of fire]
 80904 | Zot:5    | Killed a dread lich
 80905 | Zot:5    | Reached XP level 27. HP: 189/273 MP: 1/22
 81403 | Zot:5    | Noticed a dread lich
 81516 | Zot:4    | Killed a dread lich
 81684 | Zot:1    | Lost mutation: You are clumsy. (Dex -2) [potion of
                  | mutation]
 81684 | Zot:1    | Lost mutation: You have hidden genetic defects. [potion of
                  | mutation]
 81684 | Zot:1    | Lost mutation: You are vulnerable to cold. (rC-) [potion of
                  | mutation]
 81684 | Zot:1    | Gained mutation: Your magical capacity is low. (-10% MP)
                  | [potion of mutation]
 81684 | Zot:1    | Gained mutation: You have a pair of large horns on your
                  | head. [potion of mutation]
 81827 | Zot:5    | Reached skill level 27 in Dodging
 81849 | Zot:5    | Reached skill level 1 in Evocations
 81853 | Zot:5    | Noticed an ancient lich
 81872 | Zot:5    | Noticed an ancient lich
 81873 | Zot:5    | Noticed an orb of fire
 81879 | Zot:5    | Killed an ancient lich
 81880 | Zot:5    | Gained mutation: You are frail. (-10% HP) [an orb of fire]
 81883 | Zot:5    | Reached skill level 5 in Evocations
 81885 | Zot:5    | Gained mutation: You are very dopey. (Int -4) [an orb of
                  | fire]
 81887 | Zot:5    | Gained mutation: You are vulnerable to heat. (rF-) [an orb
                  | of fire]
 81888 | Zot:5    | Killed an orb of fire
 82325 | Zot:5    | Noticed a dread lich
 82335 | Zot:5    | Killed a dread lich
 82919 | Zot:5    | Received a gift from Trog
 83308 | Zot:5    | Killed an ancient lich
 83333 | Zot:5    | Reached skill level 10 in Evocations
 83407 | Zot:5    | Killed an orb of fire
 83427 | Zot:5    | a Killer Klown changed into a juggernaut
 83427 | Zot:5    | Noticed a juggernaut
 83437 | Zot:5    | Killed a juggernaut
 83897 | Zot:5    | Found a transporter.
 83900 | Zot:5    | Found a transporter.
 83909 | Zot:5    | Found a transporter.
 83989 | Zot:5    | Found a transporter.
 83993 | Zot:5    | Found a transporter.
 83994 | Zot:5    | Found a transporter.
 84395 | Zot:5    | Found a transporter.
 84398 | Zot:5    | Found a transporter.
 84407 | Zot:5    | Found a transporter.
 84487 | Zot:5    | Found a transporter.
 84491 | Zot:5    | Found a transporter.
 84492 | Zot:5    | Found a transporter.
 84734 | Zot:5    | Got the Orb of Zot
 84753 | Zot:5    | Noticed Onez the pandemonium lord
 84787 | Zot:5    | Killed Onez the pandemonium lord
 84885 | Zot:2    | Noticed Estug the pandemonium lord
 84898 | Zot:2    | Killed Estug the pandemonium lord
 85114 | D:10     | Noticed Garecki the pandemonium lord
 85450 | D:$      | Escaped with the Orb!

Illustrated notes

Levels and vault maps discovered:
D:1:      dpeg_arrival_signposts, layout_loops_cross, minmay_strange_pillars,
          minmay_misc_feat_enclosed, chequers_serial_rivers_marsh, nrook_uturn,
          serial_bayou_ford_a
D:2:      layout_basic, shapermc_ecumenical_altar_petra, basic_altar,
          uniq_natasha, uniq_sigmund
D:3:      layout_loops_corners, serial_shops, shop,
          chequers_serial_rivers_micro_e, minmay_misc_feat_rugged,
          minmay_crystal_room, minmay_fractal_squares_diagonal_5
D:4:      layout_loops_corners, xom_confusion_cloud, minmay_temple_entry_wispy
D:5:      layout_rooms, zin_purify, serial_shops, nicolae_shop_stone,
          hangedman_decor_diamond_cutter, minmay_crossroads, uniq_pikel
D:6:      layout_layer_cave, grunt_dithmenos_smoke_and_mirrors, tso_metal_star,
          minmay_fountain_box, minmay_misc_feat_square
D:7:      kennysheep_spiral_hall, layout_rooms,
          gammafunk_ghost_wrathful_warriors, hangedman_decor_growths,
          uniq_crazy_yiuf_cottage
D:8:      layout_basic, lemuel_crystal_altar, hangedman_minor_gate_pass,
          uniq_psyche
D:9:      layout_rooms, grunt_nemelex_the_gamble, minmay_lair_entry_grove,
          orc_0_dummy, serial_shops, nicolae_shop_getting_attention,
          nicolae_inconvenience_store, grunt_ministairs_13, uniq_joseph
D:10:     nzn_winding_woodlands_cross [nzn_winding_woodlands_5x15_zeroes,
          nzn_winding_woodlands_5x15_cabin, nzn_winding_woodlands_5x15_parted,
          nzn_winding_woodlands_5x15_jagged,
          nzn_winding_woodlands_15x15_boxy_spiral], layout_irregular_city
D:11:     layout_small_grid, minmay_misc_feat_secret_circle, feat_on_display
D:12:     layout_layer_cave
D:13:     layout_rooms
D:14:     layout_gridville, lightli_vaults_fourway_checkpoint,
          gauntlet_entry_generic, uniq_roxanne
D:15:     hangedman_depths_entry_civil_slaughter, layout_basic,
          hellmonk_bongcloud_opening
Lair:1:   layout_roguey
Lair:2:   layout_cave_pods, minmay_shoals_entry_hut, grunt_megastairs_5
Lair:3:   dragon1_lemuel, layout_cellular_growth,
          minmay_snake_entry_six_corridors
Lair:4:   layout_roguey, grunt_megastairs_3, infiniplex_staircase_pool_2
Lair:5:   grunt_lair_end_beastmaster, layout_gridlike,
          dpeg_slime_entry_enclosed, basic_altar,
          nicolae_lair_run_with_the_wolves, grunt_megastairs_1,
          infiniplex_staircase_pool
Shoals:1: layout_shoals
Shoals:2: layout_shoals
Shoals:3: layout_shoals, uniq_mlioglotl, uniq_polyphemus
Shoals:4: shoals_end_hellmonk_lost_city
Snake:1:  layout_gridlike, nicolae_snake_serpentine_bazaar
Snake:2:  layout_onion, minmay_shop_grove, uniq_vashnia, uniq_louise
Snake:3:  layout_basic, basic_altar, nicolae_snake_gridmaze_waves
Snake:4:  snake_pit_salamanders_mu, layout_cave_town, grunt_megastairs_2
Orc:1:    nicolae_orc_accident_2, layout_caves, portal_ice_cave_entry_pillars_2
Orc:2:    st_orc_congregation, layout_caves, nicolae_orc_crystal_geode
Elf:1:    layout_loops_corners, serial_shops, nicolae_shop_stone, basic_altar,
          minmay_elf_crystal_hexagon, uniq_kirke
Elf:2:    elven_hall_of_blades_hangedman_alternative
          [nicolae_blade_entry_antechamber], layout_loops_cross, glass_columns_c
Elf:3:    elf_hall_gauntlet_narrow, layout_geoelf_grid
Vaults:1: hangedman_vaults_nails, ontoclasm_vaults_fault,
          nicolae_vaults_shipping_containers_6, nicolae_vaults_tetromino_L_2,
          hangedman_vaults_locks, nicolae_vaults_little_squares_5,
          ontoclasm_vaults_spin, ontoclasm_vaults_ring_square,
          vaults_room_semicircle, nicolae_vaults_wrenched, vaults_room_hallway,
          v_misc_1, nicolae_vaults_little_squares_3, layout_vaults_omnibox
Vaults:2: nicolae_vaults_heart-shaped_vault, grunt_vaults_trifunnel, v_rooms_3,
          vaults_dpeg_spiral, hangedman_vaults_snaps, vaults_room_corners,
          v_pattern_4, vaults_mumra_chevron_long,
          nicolae_vaults_little_squares_2, vaults_dpeg_emergency_exit,
          nicolae_vaults_little_squares_5, layout_vaults_big_cross,
          serial_shops, nicolae_shop_tiny_real_fake_doors, uniq_jory
Vaults:3: ploomutoo_gammafunk_ghost_potion_laboratory,
          nicolae_vaults_lopsided_apartments, nicolae_vaults_trapezoid_1,
          nicolae_vaults_house_1, hangedman_vaults_capsules,
          nicolae_vaults_storage_room_doors, vaults_dpeg_cross,
          nicolae_vaults_heist, nicolae_vaults_triangles,
          nicolae_vaults_more_shelving_1, v_rooms_2, v_rooms_6, v_misc_19,
          nicolae_vaults_theta, nicolae_vaults_trapezoid_lopsided_1,
          layout_vaults_ring, uniq_xtahua
Vaults:4: nicolae_vaults_double_plus_2, nicolae_vaults_taking_the_gang_shopping,
          nicolae_vaults_diamond_2, vaults_dpeg_encased_lava,
          nicolae_vaults_bisected_slash, nicolae_vaults_closet_pinwheel_4,
          nicolae_vaults_border_crossing, layout_vaults_quadrants
Vaults:5: uniq_mennas
Depths:1: layout_cave_pools, enter_ziggurat_c, enter_trove_1,
          grunt_mini_vestibule, solitary_fountain, kennysheep_generic_room_16
Depths:2: grunt_bent_corner, layout_basic, grunt_pan_entry_in_and_out,
          hell_entry, hangedman_abyss_entry_splay, grunt_decor_junction
Depths:3: kennysheep_big_flooded_room, layout_gridlike, hell_entry,
          serial_shops, shop, nicolae_shop_mannequins, nicolae_shop_stone, shop,
          pan_entry, marbit_kobold_abyss_entry, nicolae_twisting_strands
Depths:4: grunt_twist_and_shout, layout_cave_shapes, corexii_hall_statues_t,
          hell_entry, drop_trap, hellmonk_guarded_unrand_salamander
Zot:1:    layout_concentric_octagons, gammafunk_ghost_crypt, drop_trap,
          st_stairs_13, nicolae_rock_paper_scissors
Zot:2:    layout_cellular_growth, st_stairs_13
Zot:3:    layout_basic
Zot:4:    layout_basic, uniq_tiamat
Zot:5:    layout_misc_corridors, serial_nicolae_subway,
          nicolae_sub_station_stone, nicolae_sub_station_crystal,
          nicolae_sub_station_metal

Skill      XL: |  1  2  3  4  5  6  7  8  9 10 11 12 13 14 15 16 17 18 19 20 21 22 23 24 25 26 27 |
---------------+----------------------------------------------------------------------------------+-----
Fighting       | 4 5 6 7 8 10 11 12 13 14 15 16 17 19 20 21 22 23 24 25 27 | 27.0
Axes           | 4 5 6 7 8 10 11 12 14 15 18 19 20 21 22 23 24 25 26 27 | 27.0
Armour         | 3 4 5 6 8 9 11 12 13 14 15 16 17 18 19 20 21 22 23 24 25 27 | 27.0
Dodging        | 3 4 5 6 7 8 10 11 12 13 14 15 16 17 18 19 20 21 22 23 26 27 | 27.0
Shields        | 2 4 6 8 9 11 12 13 14 16 17 18 19 20 21 22 23 24 25 | 25.0
Evocations     | 11 | 11.6

Action                     |  1- 3 |  4- 6 |  7- 9 | 10-12 | 13-15 | 16-18 | 19-21 | 22-24 | 25-27 || total
---------------------------+-------+-------+-------+-------+-------+-------+-------+-------+-------++-------
  Melee: Hand axe          |    72 |    16 |       |       |       |       |       |       |       ||    88
         Headbutt          |     4 |    12 |    45 |    92 |   133 |   217 |   219 |   314 |   323 ||  1359
         War axe           |       |    60 |   266 |   479 |       |       |       |       |       ||   805
         Punch             |       |     1 |       |       |       |       |       |       |       ||     1
         Broad axe         |       |       |       |    30 |   671 |   890 |   961 |  1041 |   993 ||  4586
  Throw: Dart              |       |       |     4 |     4 |    31 |    57 |    28 |       |       ||   124
         Javelin           |       |       |       |     2 |       |       |       |     3 |     3 ||     8
 Invoke: Berserk           |     3 |     1 |     7 |    19 |     9 |    14 |    13 |    15 |    15 ||    96
         Trog's Hand       |       |       |       |     2 |     6 |     4 |     3 |     9 |    10 ||    34
         Brothers in Arms  |       |       |       |     1 |     1 |     2 |     1 |     5 |     7 ||    17
  Evoke: Wand              |       |       |       |       |       |       |       |     3 |     1 ||     4
    Use: Scroll            |       |       |       |       |    29 |     5 |     3 |     6 |    41 ||    84
         Potion            |       |       |       |       |     1 |     1 |       |       |    15 ||    17
   Stab: Held in net/web   |       |     1 |       |       |       |       |       |       |       ||     1
         Distracted        |       |       |       |       |     1 |       |     2 |     1 |     1 ||     5
         Confused          |       |       |       |       |       |       |       |       |     1 ||     1
         Betrayed ally     |       |       |       |       |       |       |       |       |     2 ||     2
 Armour: Chain mail        |    22 |    24 |    23 |       |       |       |       |       |       ||    69
         Scale mail        |     3 |       |       |       |       |       |       |       |       ||     3
         Animal skin       |     1 |       |       |       |       |       |       |       |       ||     1
         Plate armour      |       |       |   155 |   254 |   356 |   287 |   302 |   332 |   112 ||  1798
         Gold dragon scale |       |       |       |       |       |       |       |       |   297 ||   297
  Dodge: Dodged            |    31 |    33 |    92 |   293 |   338 |   316 |   312 |   625 |   675 ||  2715
  Block: Buckler           |       |       |    22 |       |       |       |       |       |       ||    22
         Kite shield       |       |       |    52 |   330 |   428 |   116 |       |       |       ||   926
         Tower shield      |       |       |       |       |       |  1058 |  1217 |  1604 |  1465 ||  5344
         Reflection        |       |       |       |       |       |   138 |   202 |    68 |    38 ||   446
